 Dungeon Crawl Stone Soup version 0.30-a0-956-gcec3b41aec (webtiles) character file.

Game seed: 329769528902517501

5855 BlueFish the Covert (level 10, -5/65 HPs)
             Began as an Octopode Warper on Mar 29, 2023.
             Was a Priest of Cheibriados.
             Slain by a steam dragon (8 damage)
             ... on level 9 of the Dungeon.
             The game lasted 00:18:41 (11126 turns).

BlueFish the Covert (Octopode Warper)              Turns: 11126, Time: 00:18:41

Health: -5/65      AC:  1    Str: 20    XL:     10   Next: 81%
Magic:  14/16      EV: 20    Int: 23    God:    Cheibriados [***...]
Gold:   376        SH:  6    Dex: 17    Spells: 5/18 levels left

rFire   . . .      SeeInvis .    c - +0 whip (drain)
rCold   . . .      Faith    .    f - +0 buckler
rNeg    + . .      Spirit   .    (helmet restricted)
rPois   +          Reflect  .    (no amulet)
rElec   .          Rampage  .    g - +5 ring of evasion
rCorr   .                        m - ring of positive energy
Will    .....                    N - ring of poison resistance
Stlth   +++++                    (no ring)
HPRegen 0.30/turn                (no ring)
MPRegen 0.15/turn                (no ring)
                                 (no ring)
                                 (no ring)

@: on blink cooldown, very slow
A: almost no armour, amphibious, 8 rings, camouflage 1, gelatinous body 1,
(nimble swimmer 1), tentacles
a: Renounce Religion, Bend Time, Temporal Distortion


You were on level 9 of the Dungeon.
You worshipped Cheibriados.
Cheibriados was most pleased with you.
You visited 2 branches of the dungeon, and saw 10 of its levels.

You collected 446 gold pieces.
You spent 70 gold pieces at shops.

Inventory:

Hand Weapons
 c - a +0 whip of draining (weapon)
 n - a +0 flail
 p - a +0 morningstar
 s - a +4 club
 C - a +4 flail
 G - a +0 mace of holy wrath
 J - a +2 flail of venom
Missiles
 b - 7 boomerangs of dispersal
 e - 69 stones (quivered)
 u - 5 javelins
 x - 20 poisoned darts
 y - a boomerang
 H - 2 curare-tipped darts
Armour
 f - a +0 buckler (worn)
Jewellery
 g - a +5 ring of evasion (left tentacle)
 m - a ring of positive energy (right tentacle)
 N - a ring of poison resistance (on tentacle)
Wands
 r - a wand of paralysis (7)
 t - a wand of iceblast (15)
 z - a wand of quicksilver (2)
 F - a wand of mindburst (9)
 I - a wand of flame (7)
Scrolls
 a - 4 scrolls of blinking
 i - a scroll of magic mapping {unknown}
 j - a scroll of immolation {unknown}
 k - 3 scrolls of teleportation
 l - a scroll of vulnerability
 o - a scroll of torment
 K - a scroll of fog {unknown}
 O - a scroll of amnesia {unknown}
 P - a scroll of enchant armour {unknown}
 Q - a scroll of poison {unknown}
 S - a scroll of identify
Potions
 d - 4 potions of lignification
 h - 2 potions of curing
 q - a potion of berserk rage
 v - a potion of magic {unknown}
 w - 2 potions of mutation
 A - a potion of haste {unknown}
 B - a potion of flight {unknown}
 D - 2 potions of brilliance
 L - a potion of attraction {unknown}
 M - a potion of might {unknown}
Miscellaneous
 R - a box of beasts


   Skills:
 + Level 4.8 Fighting
 * Level 6.3 Maces & Flails
 + Level 4.4 Throwing
 + Level 5.0 Dodging
 * Level 9.1 Stealth
 + Level 6.0 Shields
 - Level 2.0 Unarmed Combat
 + Level 4.5 Spellcasting
 + Level 5.4 Translocations
 + Level 3.7 Invocations
 + Level 4.0 Evocations


You had 5 spell levels left.
You knew the following spells:

 Your Spells              Type           Power      Damage    Failure   Level
a - Blink                 Tloc           60%        N/A       1%          2
b - Lesser Beckoning      Tloc           60%        N/A       1%          2
c - Teleport Other        Tloc           30%        N/A       4%          3
d - Momentum Strike       Conj/Tloc      34%        3d8       6%          2
e - Manifold Assault      Tloc           30%        N/A       13%         4

Your spell library contained the following spells:

 Spells                   Type           Power      Damage    Failure   Level
 Gell's Gravitas          Tloc           30%        N/A       4%          3
 Vhi's Electric Charge    Tloc/Air       34%        N/A       12%         3
 Cigotuvi's Dreadful Rot  Necr/Pois/Air  10%        N/A       19%         2
 Dispel Undead            Necr           5%         3d7       77%         4
 Dispersal                Tloc           15%        N/A       90%         6
 Death Channel            Necr           2%         N/A       100%        6


Dungeon Overview and Level Annotations

Branches:
Dungeon (9/15)             Temple (1/1) D:5
   Lair: D:8-11         Orc: D:9-12

Altars:
Ashenzari
Cheibriados
Dithmenos
Elyvilon
Fedhas
Gozag
Hepliaklqana
Kikubaaqudgha
Makhleb
Nemelex Xobeh
Okawaru
Qazlal
Ru
Sif Muna
Trog
Uskayaw
Vehumet
Wu Jian
Xom
Yredelemnul
Zin
The Shining One

Shops:
D:4 ?   D:5 (   D:6 !

Annotations:
D:7 2 transporters
D:9 3 runed translucent doors, bmack86's ghost, novice MiFi


Innate Abilities, Weirdness & Mutations

You cannot wear most types of armour.
You are amphibious.
You can wear up to eight rings at the same time.
Your skin changes colour to match your surroundings (Stealth+).
Your rubbery body absorbs attacks. (AC +1, EV +1)
((You are camouflaged when in or above water. (Stealth+)))
You have tentacles for arms and can constrict up to eight enemies at once.


Message History

The steam dragon closely misses you. You block the steam dragon's attack.
You hit the steam dragon.
The steam dragon is severely wounded.
The steam dragon breathes steam at you. The ball of steam misses you.
You block the steam dragon's attack. The steam dragon closely misses you.
The steam dragon bites you! The steam dragon misses you.
You closely miss the steam dragon. You squeeze the steam dragon.
The steam dragon is severely wounded.
The steam dragon breathes steam at you. The ball of steam misses you.
You hit the steam dragon.
The steam dragon is almost dead.
You are engulfed in a cloud of scalding steam.
The steam dragon barely misses you. The steam dragon claws you.
The steam dragon bites you! The steam dragon closely misses you.
You hit the steam dragon but do no damage.
You squeeze the steam dragon, but do no damage.
The steam dragon is almost dead.
You are engulfed in a cloud of scalding steam.
The steam dragon breathes steam at you. The ball of steam hits you!!
* * * LOW HITPOINT WARNING * * *
You hit the steam dragon but do no damage.
You drain the steam dragon.
You squeeze the steam dragon, but do no damage.
The steam dragon is almost dead.
You are engulfed in a cloud of scalding steam.
* * * LOW HITPOINT WARNING * * *
You block the steam dragon's attack. The steam dragon claws you.
* * * LOW HITPOINT WARNING * * *
Casting: Momentum Strike (safe; 6% risk of failure)
Confirm with . or Enter, or press ? or * to list all spells.
You blink.
The steam dragon breathes steam at you. The ball of steam misses you.
You barely miss the steam dragon.
The steam dragon is almost dead.
The steam dragon bites you!
You die...

########
#####......# ###
...#......# ...
..#......# ... #####
#.#......#####
#[..###.###.........
#.D§§§#...#.........
#§.@§.#...'.........
#...§§'...#.........
#§...###..#.........
###### ############.
Y..........#.
...........'÷
#.######...#.
######...##
#.........+


You could see a steam dragon (catching breath, drained).

Vanquished Creatures
  An unseen horror (D:7)
  2 steam dragons (D:8)
  13 yaks
  Edmund (D:5)
  Menkaure (D:6)
  2 acid dragons
  A water moccasin (D:6)
  2 black bears
  A sky beast (D:7)
  4 ice beasts
  3 ogres
  4 orc warriors
  A centaur (D:6)
  A kobold brigand (D:8)
  A phantom (D:5)
  2 gnoll sergeants
  5 bullfrogs
  A scorpion (D:4)
  2 howler monkeys (D:9)
  4 jellies
  A gnoll bouda (D:5)
  2 orc priests (D:5)
  Ijyb (D:4)
  A sleepcap (D:7)
  5 iguanas
  7 orc wizards
  Robin (D:3)
  9 gnolls
  8 adders
  2 shadow imps
  An ufetubus (D:5)
  A worm (D:4)
  3 dart slugs
  30 orcs
  3 ball pythons
  6 endoplasms
  3 giant cockroaches
  7 goblins
  7 hobgoblins
  2 jackals (D:1)
  6 quokkas
  3 bats
  A frilled lizard (D:1)
  6 kobolds
  3 rats (D:2)
171 creatures vanquished.

Vanquished Creatures (others)
  3 plants (D:5)
  5 toadstools (D:1)
8 creatures vanquished.

Grand Total: 179 creatures vanquished

Notes
Turn   | Place    | Note
-------+----------+-------------------------------------------
     0 | D:1      | BlueFish the Octopode Warper began the quest for the Orb.
     0 | D:1      | Reached XP level 1. HP: 14/14 MP: 3/3
   142 | D:1      | Reached skill level 1 in Stealth
   142 | D:1      | Reached XP level 2. HP: 16/19 MP: 5/5
   658 | D:1      | Reached XP level 3. HP: 24/24 MP: 6/6
  1023 | D:2      | Reached skill level 2 in Stealth
  1381 | D:2      | Reached skill level 1 in Maces & Flails
  1381 | D:2      | Reached XP level 4. HP: 21/29 MP: 7/7
  1393 | D:2      | Learned a level 2 spell: Blink
  1396 | D:2      | Learned a level 2 spell: Lesser Beckoning
  1400 | D:2      | Learned a level 3 spell: Teleport Other
  1480 | D:2      | Found a faded altar of an unknown god.
  1616 | D:3      | Reached skill level 1 in Shields
  1652 | D:3      | Found a glowing golden altar of the Shining One.
  1726 | D:3      | Noticed Robin
  1735 | D:3      | Killed Robin
  2454 | D:4      | Found Sodgh's Magic Scroll Shop.
  2464 | D:4      | Bought a scroll of teleportation for 39 gold pieces
  2464 | D:4      | Bought a scroll of noise for 13 gold pieces
  2517 | D:4      | Reached XP level 5. HP: 24/34 MP: 8/8
  2701 | D:4      | Identified the +2 robe "Zitasos" {Str+3 Dex+4 Slay+2}
  2774 | D:4      | Noticed an ogre
  2949 | D:4      | Noticed Ijyb
  2951 | D:4      | Paralysed by Ijyb for 5 turns
  2963 | D:4      | Killed Ijyb
  2964 | D:4      | Reached skill level 3 in Stealth
  3267 | D:4      | Reached XP level 6. HP: 41/41 MP: 9/9
  3671 | D:5      | Entered Level 5 of the Dungeon
  3688 | D:5      | Found Huhil's Firing Range.
  3745 | D:5      | Bought 3 poisoned darts for 18 gold pieces
  3767 | D:5      | Noticed Edmund
  3926 | D:5      | Reached skill level 4 in Stealth
  4022 | D:5      | Reached XP level 7. HP: 41/45 MP: 11/11
  4312 | D:5      | Found a staircase to the Ecumenical Temple.
  4327 | Temple   | Entered the Ecumenical Temple
  4423 | Temple   | Became a worshipper of Cheibriados the Contemplative
  4574 | D:5      | Reached skill level 5 in Stealth
  4736 | D:5      | Reached XP level 8. HP: 16/52 MP: 9/12
  5010 | D:5      | Reached skill level 1 in Evocations
  5013 | D:5      | Reached skill level 1 in Invocations
  5431 | D:5      | Killed Edmund
  5634 | D:6      | Found Jocis's Distillery.
  5644 | D:6      | Reached skill level 6 in Stealth
  5695 | D:6      | Learned a level 2 spell: Momentum Strike
  5772 | D:6      | Noticed Menkaure
  5783 | D:6      | Reached * piety under Cheibriados
  5924 | D:6      | Reached XP level 9. HP: 57/57 MP: 14/14
  6380 | D:6      | Killed Menkaure
  6626 | D:7      | Noticed a troll
  6643 | D:7      | Noticed a two-headed ogre
  6644 | D:7      | Found a transporter.
  6647 | D:7      | Found a transporter.
  7114 | D:7      | Reached skill level 7 in Stealth
  7716 | D:7      | Killed an unseen horror
  7935 | D:7      | Reached skill level 5 in Maces & Flails
  8292 | D:8      | Reached skill level 5 in Shields
  8638 | D:8      | Reached skill level 5 in Translocations
  8735 | D:8      | Reached XP level 10. HP: 46/64 MP: 14/16
  8892 | D:8      | Reached skill level 8 in Stealth
  8894 | D:8      | Reached ** piety under Cheibriados
  9095 | D:8      | Found a bloodstained altar of Trog.
  9102 | D:8      | Found a radiant altar of Vehumet.
 10294 | D:9      | Found a runed translucent gate.
 10294 | D:9      | Identified the +0 chain mail "Suishuett" {Dex+2}
 10295 | D:9      | Found a runed translucent gate.
 10296 | D:9      | Found a runed translucent gate.
 10297 | D:9      | Noticed bmack86's ghost (novice MiFi)
 10552 | D:9      | Learned a level 4 spell: Manifold Assault
 10869 | D:9      | Reached skill level 5 in Dodging
 10879 | D:9      | Reached skill level 9 in Stealth
 10887 | D:9      | Reached *** piety under Cheibriados
 11123 | D:9      | HP: 3/65 [steam dragon] (5)]
 11126 | D:9      | Slain by a steam dragon

Illustrated notes

Levels and vault maps discovered:
D:1:      ldierk_walled_garden, layout_loops_ring
D:2:      layout_loops_ring, shapermc_ecumenical_altar_mp_vishouse
D:3:      layout_loops_corners, nicolae_tso_carved_into_rock, serial_glass,
          glass_columns_c, glass_columns_a, uniq_robin
D:4:      kennysheep_six_static_rooms, layout_loops_ring, serial_shops,
          nicolae_shop_crystal, uniq_ijyb
D:5:      minmay_bubble_buster, layout_gridville,
          minmay_temple_entry_gardened_gates, nicolae_shop_firing_range,
          uniq_edmund
D:6:      layout_loops_ring, serial_shops, nicolae_take_the_stairs,
          uniq_menkaure
D:7:      gammafunk_the_bubble [the_bubble_gammafunk_split], layout_basic
D:8:      layout_layer_cave, mainiacjoe_overflow_big_doors
D:9:      layout_gridville, lair_entry_dummy, biasface_ghost_orc_armoury,
          nicolae_concentric_dashed_squares_wild
Temple:   nicolae_temple_bog_church

Skill      XL: |  1  2  3  4  5  6  7  8  9 10 |
---------------+-------------------------------+-----
Stealth        | 1 2 3 4 5 6 7 9 |  9.1
Maces & Flails | 1 2 3 4 5 6 |  6.3
Shields        | 1 2 3 4 5 6 |  6.0
Dodging        | 3 4 5 |  5.0
Throwing       | 2 3 4 |  4.4
Fighting       | 3 4 |  4.8
Translocations | 4 5 |  5.4
Spellcasting   | 3 4 |  4.5
Evocations     | 2 3 4 |  4.0
Invocations    | 1 3 |  3.7
Unarmed Combat | |  2.0

Action                     |  1- 3 |  4- 6 |  7- 9 | 10-12 || total
---------------------------+-------+-------+-------+-------++-------
  Melee: Whip              |    61 |   126 |   284 |   222 ||   693
         Constrict         |    13 |    30 |    40 |    14 ||    97
         Unarmed           |     4 |       |       |       ||     4
         Tentacles         |    12 |    24 |    94 |    55 ||   185
         Punch             |       |     2 |    11 |     3 ||    16
         Mace              |       |       |     3 |       ||     3
  Throw: Stone             |       |     1 |     2 |     5 ||     8
         Boomerang         |       |       |     2 |       ||     2
   Cast: Blink             |       |     1 |     2 |     1 ||     4
         Lesser Beckoning  |       |       |     4 |       ||     4
         Momentum Strike   |       |       |       |     1 ||     1
 Invoke: Bend Time         |       |       |       |     1 ||     1
  Evoke: Wand              |       |     1 |     3 |       ||     4
    Use: Scroll            |       |     7 |     5 |       ||    12
         Potion            |       |       |     1 |     1 ||     2
   Stab: Sleeping          |    10 |     9 |    12 |     2 ||    33
         Paralysed         |       |     3 |       |       ||     3
 Armour: Skin              |     1 |     1 |    10 |     4 ||    16
  Dodge: Dodged            |    40 |    76 |   193 |   145 ||   454
  Block: Buckler           |       |     1 |    52 |    55 ||   108

Table legend: (Time is in decaauts)
 A = Elapsed time spent in this place.
 B = Non-inter-level travel time spent in this place.
 C = Inter-level travel time spent in this place.
 D = Time resting spent in this place.
 E = Time spent auto-exploring this place.
 F = Levels seen in this place.
 G = Mean time per level.
                   A        B        C        D        E       F      G
               +--------+--------+--------+--------+--------+-----+--------+
         Total |  12694 |  12264 |    430 |    118 |  10299 |  10 | 1269.4 |
       Dungeon |  12466 |  12046 |    420 |    118 |  10103 |   9 | 1385.1 |
        Temple |    228 |    219 |      9 |      0 |    196 |   1 |  228.0 |
               +--------+--------+--------+--------+--------+-----+--------+

Top non-repeatable levels by time:
     D:7: 2004 daAuts
     D:8: 1965 daAuts
     D:5: 1862 daAuts
     D:9: 1709 daAuts
     D:6: 1244 daAuts
     D:4: 1162 daAuts
     D:3: 1014 daAuts
     D:1: 801 daAuts
     D:2: 700 daAuts
  Temple: 228 daAuts
